AoeStats
← diego_benavente

Arena

505077375Analyzed
1v1 RM · 24d ago on Sep 7, 2026· 69m 28s· 2 players
Game mode
Random Map
Map size
Tiny (2 player)
Population
200
Speed
Normal
Resources
Standard
Victory
Conquest
Starting age
Dark Age
Ending age
Imperial Age
RankedLock teamsTeams togetherTeam positionsShared explorationLock speedFull tech treeHidden civsTurbo modeCheats
Victory
Defeat
🇧🇷 Aztecs · Brazil
762
+17
🇨🇱 Poles · Chile
775
-17
Tomate
5:10 Loom
9:58 Feudal Age
8:15 Loom
10:25 Double-Bit Axe
10:26 Horse Collar
19:17 Castle Age
19:30 Scale Mail Armor
19:31 Padded Archer Armor
20:50 Pikeman
22:51 Wheelbarrow
24:19 Eagle Warrior
24:23 Elite Skirmisher
37:31 Imperial Age
36:38 Leather Archer Armor
36:13 Fletching
36:34 Forging
37:38 Chain Mail Armor
38:10 Squires
38:42 Hand Cart
38:56 Bow Saw
40:27 Bodkin Arrow
40:29 Stone Mining
41:26 Plate Mail Armor
41:57 Town Watch
42:47 Bracer
42:40 Gambesons
45:53 Iron Casting
46:22 Town Patrol
50:24 Elite Eagle Warrior
54:48 Chemistry
54:08 Ballistics
55:55 Gold Mining
56:41 Stone Shaft Mining
56:04 Arson
61:16 Blast Furnace
diego_benavente
1:03 Loom
11:39 Feudal Age
12:37 Double-Bit Axe
12:47 Horse Collar
15:15 Wheelbarrow
14:54 Gold Mining
20:23 Castle Age
18:03 Man-at-Arms
19:36 Bloodlines
20:07 Forging
20:17 Stone Mining
22:15 Long Swordsman
23:26 Town Watch
23:59 Bow Saw
26:31 Sanctity
25:53 Light Cavalry
26:40 Scale Barding Armor
27:04 Elite Skirmisher
27:45 Crossbowman
28:54 Fletching
31:02 Scale Mail Armor
32:38 Iron Casting
33:51 Bodkin Arrow
35:02 Szlachta Privileges
39:07 Imperial Age
37:01 Padded Archer Armor
39:12 Murder Holes
39:46 Chain Mail Armor
40:27 Conscription
41:16 Husbandry
42:19 Chemistry
42:00 Block Printing
42:48 Arbalester
44:42 Cavalier
46:37 Chain Barding Armor
48:28 Winged Hussar
51:41 Hand Cart
54:05 Ballistics
53:56 Masonry
53:48 Two-Handed Swordsman
56:11 Blast Furnace
56:29 Heavy Plow
57:22 Elite Obuch
58:26 Town Patrol
62:02 Champion
63:39 Theocracy
62:38 Capped Ram
64:48 Thumb Ring
65:20 Plate Mail Armor
65:43 Siege Engineers
Connection lost

Rejoining the realm…

Still unreachable

The connection could not be restored.

Session expired

The server has moved on; the page needs a fresh start.